 Dungeon Crawl Stone Soup version 0.30-a0-862-g1aabd4f9c5 (webtiles) character file.

Game seed: 17116932475747612797

5047 Newt the Thrower (level 10, -9/72 HPs)
             Began as a Demonspawn Gladiator on Mar 8, 2023.
             Was a Follower of Hepliaklqana.
             Mangled by a vault guard
             ... wielding a +0 broad axe
              (22 damage)
             ... in a bailey.
             The game lasted 00:10:03 (7178 turns).

Newt the Thrower (Demonspawn Gladiator)             Turns: 7178, Time: 00:10:04

Health: -9/72      AC: 12    Str: 19    XL:     10   Next: 30%
Magic:  10/10      EV: 12    Int: 10    God:    Hepliaklqana [*.....]
Gold:   337        SH:  0    Dex: 16    Spells: 9/9 levels left

rFire   . . .      SeeInvis .    K - +7 flail of the Inquisitive Youths {freeze, Dex+2}
rCold   . . .      Faith    .    (no shield)
rNeg    . . .      Spirit   .    j - +3 leather armour
rPois   +          Reflect  .    c - +0 helmet
rElec   .          Rampage  .    (no cloak)
rCorr   .                        (no gloves)
Will    .....                    t - +0 pair of boots
Stlth   +                        (no amulet)
HPRegen 0.32/turn                k - ring of poison resistance
MPRegen 0.12/turn                (no ring)

@: studying Air Magic, very slow
A: reduced essence, thin metallic scales 2, ignite blood 3, corrupting presence
1, demonic touch 1
a: Renounce Religion, Recall Ancestor, Ancestor Identity


You were in a bailey.
You worshipped Hepliaklqana.
Hepliaklqana was aware of your devotion.
You visited 1 branch of the dungeon, and saw 7 of its levels.
You also visited: Ossuary and Bailey.

You collected 337 gold pieces.

Inventory:

Hand Weapons
 a - a +1 rapier
 A - a +0 heavy hand axe
 K - the +7 flail of the Inquisitive Youths (weapon) {freeze, Dex+2}
   (You found it on level 7 of the Dungeon)

   Dex:       It affects your dexterity (+2).
Missiles
 n - a javelin
 s - 32 stones (quivered)
Armour
 b - a +0 leather armour
 c - a +0 helmet (worn)
 e - a +0 robe of cold resistance
 j - a +3 leather armour (worn)
 o - a +0 scale mail
 r - a +0 pair of gloves
 t - a +0 pair of boots (worn)
 G - a +2 leather armour of poison resistance
Jewellery
 k - a ring of poison resistance (left hand)
Wands
 p - a wand of quicksilver (28)
 C - a wand of flame (13)
 D - a wand of polymorph (6)
 E - a wand of roots (10)
Scrolls
 h - 2 scrolls of fog
 i - a scroll of poison
 q - 5 scrolls of enchant armour {unknown}
 u - 2 scrolls of teleportation
 v - a scroll of enchant weapon
 x - 2 scrolls of identify
 y - a scroll of immolation
 F - 2 scrolls of blinking
 J - a scroll of amnesia {unknown}
 M - 3 scrolls of fear {unknown}
 O - a scroll of acquirement {unknown}
Potions
 d - a potion of berserk rage
 f - 3 potions of cancellation
 g - 3 potions of flight
 l - a potion of lignification
 m - 2 potions of haste
 w - 3 potions of heal wounds
 z - 3 potions of curing
 B - a potion of attraction {unknown}
 H - a potion of mutation {unknown}
 I - 2 potions of magic {unknown}
 L - a potion of might {unknown}
 N - a potion of invisibility {unknown}


   Skills:
 - Level 8.0 Fighting
 - Level 2.6 Short Blades
 - Level 4.0 Axes
 - Level 9.0 Throwing
 - Level 5.0 Armour
 - Level 2.6 Dodging
 + Level 5.4 Evocations


You had 9 spell levels left.
You didn't know any spells.
Your spell library contained the following spells:

 Spells                   Type           Power      Damage    Failure   Level
 Magic Dart               Conj           0%         1d3       41%         1
 Blink                    Tloc           0%         N/A       54%         2
 Lesser Beckoning         Tloc           0%         N/A       54%         2
 Momentum Strike          Conj/Tloc      0%         3d8       54%         2
 Searing Ray              Conj           0%         2d4       54%         2
 Anguish                  Hex/Necr       0%         N/A       99%         4
 Fulminant Prism          Conj/Hex       0%         3d5       99%         4
 Enfeeble                 Hex            0%         N/A       100%        7


Dungeon Overview and Level Annotations

Branches:
Dungeon (7/15)             Temple (0/1) D:6         Ossuary (visited)
 Bailey (1/1)

Altars:
Hepliaklqana
Nemelex Xobeh

Shops:
D:4 (

Annotations:
D:3 1 runed translucent door, gelatine's ghost, amateur DsGl


Innate Abilities, Weirdness & Mutations

Your life essence is reduced to manifest your ancestor. (-10% HP)
You are mostly covered in thin metallic scales. (AC +3)
Your demonic aura causes all spilled blood to erupt in flames.
Your presence sometimes corrodes those you injure.
Your touch may inflict minor irresistible damage on your foes.


Message History

Aiming: Throw Flame
Press: ? - help, Shift-Dir - straight line, f/p - vault guard
Aim: a vault guard, wielding a +0 broad axe and wearing a +0 chain mail (lightly wounded, ally target, 71% to hit)
Ælfthryth avoids your attack.
The puff of flame hits the vault guard.
Your corrupting presence corrodes the vault guard!
The vault guard is lightly wounded.
There is an open door here. Ælfthryth barely misses the vault guard.
The vault guard hits Ælfthryth with a +0 broad axe!
You enter the shallow water.
Moving in this stuff is going to be slow. Ælfthryth barely misses the vault guard.
The vault guard splashes around in the water.
You thump the vault guard! You freeze the vault guard.
The vault guard is lightly wounded. Ælfthryth hits the vault guard.
The vault guard splashes around in the water. Ælfthryth misses the vault guard.
Your unstable footing causes you to fumble your attack.
The vault guard hits you with a +0 broad axe!!
The vault guard hits Ælfthryth with a +0 broad axe! Ælfthryth hits the vault guard.
The vault guard splashes around in the water.
Your unstable footing causes you to fumble your attack. Ælfthryth barely misses the vault guard.
The vault guard hits you with a +0 broad axe!
The vault guard hits Ælfthryth with a +0 broad axe!! Ælfthryth is destroyed!
You sock the vault guard! You freeze the vault guard.
The vault guard is heavily wounded.
The vault guard is no longer covered in acid.
The vault guard hits you with a +0 broad axe!
Your unstable footing causes you to fumble your attack.
The vault guard is engulfed in a cloud of scalding steam.
The vault guard hits you with a +0 broad axe!
Your unstable footing causes you to fumble your attack.
The vault guard hits you with a +0 broad axe!
* * * LOW HITPOINT WARNING * * *
The vault guard hits you with a +0 broad axe!!
You die...

#+####..###'###
+..#≈..~≈#
####≈..~≈#
##≈##≈.†≈#####
#≈~≈≈~.~≈#!.~##
##≈~~~..~≈#?..~#
#≈~~~...~≈##○☼~##
#≈~~~....~≈#p☼.~#
#≈~~~....~≈##@..#
#≈~~~...~.~≈###'#
#≈~~~......~≈≈≈.#
##≈~~....~~....##
#≈~~~......~~~#
##≈~~##)##~~~##
##≈##...##~##
###.....###
#..∩..#


You could see a vault guard.

Vanquished Creatures
  A vault guard (Bailey)
  Pikel (D:6)
  Grinder (D:3)
  Prince Ribbit (D:7)
  A blink frog (Bailey)
  A wraith (D:6)
  Sigmund (D:3)
  A wyvern (D:6)
  A human (Bailey)
  Menkaure (D:4)
  Duvessa (D:6)
  3 orc warriors
  An ice beast (D:5)
  A sky beast (D:7)
  2 ogres (D:4)
  2 phantoms (D:6)
  2 elf zombies (Ossuary)
  8 bullfrogs (Bailey)
  Blork the orc (D:4)
  4 scorpions
  Dowan (D:6)
  A howler monkey (D:6)
  3 orc priests
  A gnoll bouda (D:6)
  2 jellies
  Crazy Yiuf (D:5)
  A sleepcap (D:6)
  3 iguanas
  Ijyb (D:5)
  Terence (D:3)
  An orc wizard (D:6)
  2 hound zombies (Ossuary)
  4 mummies (Ossuary)
  Robin (D:3)
  6 gnolls
  7 adders
  2 white imps
  An ufetubus (D:5)
  2 worms
  2 dart slugs
  17 orcs
  8 endoplasms
  10 giant cockroaches
  A gnoll zombie (Ossuary)
  21 goblins
  8 hobgoblins
  3 jackals (D:4)
  7 kobolds
  5 quokkas
  10 ball pythons
  7 bats
  3 frilled lizards
  A hobgoblin zombie (Ossuary)
  2 jackal zombies (Ossuary)
  An orc zombie (Ossuary)
  5 rats
  3 rat zombies (Ossuary)
190 creatures vanquished.

Vanquished Creatures (collateral kills)
  A bullfrog (Bailey)
  A goblin (D:7)
  A jackal zombie (D:7)
  A kobold zombie (D:7)
4 creatures vanquished.

Vanquished Creatures (others)
  2 ancestors (Bailey)
  2 withered plants (D:3)
4 creatures vanquished.

Grand Total: 198 creatures vanquished

Notes
Turn   | Place    | Note
-------+----------+-------------------------------------------
     0 | D:1      | Newt the Demonspawn Gladiator began the quest for the Orb.
     0 | D:1      | Reached XP level 1. HP: 16/16 MP: 1/1
    89 | D:1      | Gained mutation: You are partially covered in thin metallic
                  | scales. (AC +2) [demonic ancestry]
    89 | D:1      | Reached XP level 2. HP: 13/23 MP: 2/2
   324 | D:1      | Found a faded altar of an unknown god.
   555 | D:1      | Gained mutation: Your touch may inflict minor irresistible
                  | damage on your foes. [demonic ancestry]
   555 | D:1      | Reached XP level 3. HP: 25/29 MP: 3/3
  1182 | D:2      | Reached skill level 2 in Throwing
  1314 | D:2      | Gained mutation: Your demonic aura sometimes causes spilled
                  | blood to erupt in flames. [demonic ancestry]
  1314 | D:2      | Reached XP level 4. HP: 29/37 MP: 4/4
  1574 | D:2      | Reached skill level 3 in Throwing
  1770 | D:3      | Gained mutation: You are mostly covered in thin metallic
                  | scales. (AC +3) [demonic ancestry]
  1770 | D:3      | Reached XP level 5. HP: 38/42 MP: 5/5
  1801 | D:3      | Noticed Terence
  1807 | D:3      | Killed Terence
  1910 | D:3      | Noticed Sigmund
  1929 | D:3      | Killed Sigmund
  1930 | D:3      | Reached skill level 5 in Throwing
  1930 | D:3      | Reached skill level 1 in Armour
  1930 | D:3      | Gained mutation: Your demonic aura often causes spilled
                  | blood to erupt in flames. [demonic ancestry]
  1930 | D:3      | Reached XP level 6. HP: 47/48 MP: 6/6
  2017 | D:3      | Found a runed translucent door.
  2017 | D:3      | Noticed gelatine's ghost (amateur DsGl)
  2029 | D:3      | Noticed Robin
  2081 | D:3      | Killed Robin
  2268 | D:3      | Noticed Grinder
  2288 | D:3      | Paralysed by Grinder for 5 turns
  2296 | D:3      | Killed Grinder
  2297 | D:3      | Reached XP level 7. HP: 25/54 MP: 7/7
  3143 | D:4      | Found Enutsowobb's Antique Weapon Shop.
  3165 | D:4      | Noticed Menkaure
  3177 | D:4      | Killed Menkaure
  3178 | D:4      | Reached skill level 6 in Throwing
  3400 | D:4      | Noticed Blork the orc
  3410 | D:4      | Killed Blork the orc
  3448 | D:4      | Reached skill level 7 in Throwing
  3893 | D:5      | Entered Level 5 of the Dungeon
  3960 | D:5      | Gained mutation: Your demonic aura causes all spilled blood
                  | to erupt in flames. [demonic ancestry]
  3960 | D:5      | Reached XP level 8. HP: 61/61 MP: 8/8
  4014 | D:5      | Reached skill level 5 in Fighting
  4138 | D:5      | Found a sparkling altar of Nemelex Xobeh.
  4141 | D:5      | Found a hazy altar of Hepliaklqana.
  4186 | D:5      | Noticed Ijyb
  4190 | D:5      | Killed Ijyb
  4308 | D:5      | Found a runed translucent door.
  4309 | D:5      | Noticed Crazy Yiuf
  4317 | D:5      | Killed Crazy Yiuf
  4676 | D:5      | Reached skill level 1 in Axes
  5223 | D:5      | Became a worshipper of Hepliaklqana the Forgotten
  5284 | D:6      | Noticed Dowan
  5286 | D:6      | Noticed Duvessa
  5291 | D:6      | Killed Duvessa
  5299 | D:6      | Killed Dowan
  5386 | D:6      | Noticed Pikel
  5398 | D:6      | Killed Pikel
  5401 | D:6      | Gained mutation: Your presence sometimes corrodes those you
                  | injure. [demonic ancestry]
  5401 | D:6      | Reached XP level 9. HP: 58/69 MP: 9/9
  5467 | D:6      | Reached skill level 5 in Armour
  5467 | D:6      | Reached skill level 1 in Evocations
  5532 | D:6      | Found a staircase to the Ecumenical Temple.
  6053 | D:6      | Reached skill level 5 in Evocations
  6436 | D:7      | Reached * piety under Hepliaklqana
  6436 | D:7      | Noticed Prince Ribbit
  6440 | D:7      | Killed Prince Ribbit
  6447 | D:7      | Found a sand-covered staircase.
  6456 | Ossuary  | Entered an ossuary
  6781 | D:7      | Identified the +7 flail of the Inquisitive Youths {freeze,
                  | Dex+2}
  6786 | D:7      | Found a flagged portal.
  6796 | Bailey   | Entered a bailey
  6882 | Bailey   | Reached XP level 10. HP: 63/72 MP: 10/10
  6886 | Bailey   | Reached skill level 8 in Throwing
  6995 | Bailey   | Noticed a vault guard
  7015 | Bailey   | Killed a vault guard
  7016 | Bailey   | Reached skill level 9 in Throwing
  7167 | Bailey   | Noticed a vault guard
  7178 | Bailey   | Mangled by a vault guard

Illustrated notes

Levels and vault maps discovered:
D:1:      saegor_arrival_simple_d, layout_loops_ring,
          shapermc_ecumenical_altar_mp_urbaneastern, chequers_mini_garden,
          skrybe_limestone_x, minmay_misc_feat_encased
D:2:      layout_basic
D:3:      layout_basic, gammafunk_ghost_grave, uniq_grinder, uniq_terence,
          uniq_sigmund, uniq_robin
D:4:      layout_cave_pools, serial_shops, shop, uniq_menkaure,
          uniq_blork_the_orc
D:5:      layout_loops_ring, mainiacjoe_overflow_catwalk_spiral, uniq_ijyb,
          uniq_crazy_yiuf_cottage
D:6:      nicolae_cairo_tiling_large_dashed, layout_loops_corners,
          minmay_manual_monstrance, uniq_duvessa, uniq_pikel
D:7:      layout_cave_pods, enter_bailey_3, enter_ossuary_3, uniq_prince_ribbit1
Bailey:   bailey_axe_froggy_fort_hellmonk, bailey

Skill      XL: |  1  2  3  4  5  6  7  8  9 10 |
---------------+-------------------------------+-----
Fighting       | 3 4 6 8 |  8.0
Throwing       | 2 3 5 7 9 |  9.0
Armour         | 1 3 4 5 |  5.0
Axes           | 4 |  4.0
Evocations     | 5 |  5.4
Short Blades   | |  2.6
Dodging        | |  2.6

Action                     |  1- 3 |  4- 6 |  7- 9 | 10-12 || total
---------------------------+-------+-------+-------+-------++-------
  Melee: Rapier            |   108 |    81 |   137 |       ||   326
         Touch             |     9 |    16 |    60 |     5 ||    90
         Punch             |       |     2 |     3 |       ||     5
         Hand axe          |       |       |   145 |       ||   145
         Flail             |       |       |    21 |    27 ||    48
  Throw: Throwing net      |     1 |     2 |     2 |       ||     5
         Stone             |     2 |     3 |     9 |     3 ||    17
         Javelin           |       |     3 |       |       ||     3
  Evoke: Wand              |       |     3 |       |     5 ||     8
    Use: Scroll            |     7 |     4 |     3 |       ||    14
         Potion            |       |       |       |     3 ||     3
   Stab: Held in net/web   |       |     1 |       |       ||     1
 Armour: Leather armour    |    34 |    48 |   171 |     9 ||   262
  Dodge: Dodged            |    51 |    57 |   246 |    18 ||   372

Table legend: (Time is in decaauts)
 A = Elapsed time spent in this place.
 B = Non-inter-level travel time spent in this place.
 C = Inter-level travel time spent in this place.
 D = Time resting spent in this place.
 E = Time spent auto-exploring this place.
 F = Levels seen in this place.
 G = Mean time per level.
                   A        B        C        D        E       F      G
               +--------+--------+--------+--------+--------+-----+--------+
         Total |   7299 |   6958 |    341 |    918 |   4631 |   9 |  811.0 |
       Dungeon |   6635 |   6294 |    341 |    906 |   4181 |   7 |  947.9 |
       Ossuary |    288 |    288 |      0 |      0 |    182 |   1 |  288.0 |
        Bailey |    376 |    376 |      0 |     12 |    267 |   1 |  376.0 |
               +--------+--------+--------+--------+--------+-----+--------+

Top non-repeatable levels by time:
     D:5: 1409 daAuts
     D:3: 1267 daAuts
     D:6: 1208 daAuts
     D:4: 914 daAuts
     D:2: 901 daAuts
     D:1: 828 daAuts
  Bailey: 376 daAuts
 Ossuary: 288 daAuts
     D:7: 105 daAuts
